 Dungeon Crawl Stone Soup version 0.14-a0-3109-ga7442b6 (webtiles) character file.

4270 Quh the Conjurer (level 10, -5/63 HPs)
             Began as a Demonspawn Conjurer on Mar 7, 2014.
             Was a Believer of Vehumet.
             Killed from afar by an electric eel (7 damage)
             ... with a bolt of electricity
             ... on Level 9 of the Dungeon.
             The game lasted 01:19:23 (11074 turns).

Quh the Conjurer (Demonspawn Conjurer)             Turns: 11074, Time: 01:19:23

HP  -5/63        AC 12     Str  9      XL: 10   Next:  0%
MP   0/25        EV 13     Int 19      God: Vehumet [**....]
Gold 374         SH  0     Dex 14      Spells:  5 memorised, 11 levels left

rFire  . . .     SeeInvis .     M - staff of wizardry
rCold  . . .     Clarity  .     a - +0 robe
rNeg   . . .     Conserve .     (no shield)
rPois  .         rCorr    .     (no helmet)
rElec  .         rRot     .     N - +2 cloak of Wilut Ucoi {MR++}
SustAb . .       Spirit   +     u - +0 pair of gloves
rMut   .         Warding  .     (no boots)
Saprov . . .     Stasis   .     (no amulet)
MR     +++..                    B - +3 ring of protection
                                D - ring of protection from magic

@: burdened, very slightly contaminated, hasted, very quick, extremely resistant
to hostile enchantments, unstealthy
A: yellow scales 2, powered by pain 1, magic shield
a: Renounce Religion


You were on level 9 of the Dungeon.
You worshipped Vehumet.
Vehumet was pleased with you.
You were encumbered.
You were not hungry.

You visited 2 branches of the dungeon, and saw 10 of its levels.

You collected 374 gold pieces.

Inventory:

Armour
 a - a +0 robe (worn)
 u - a +0 pair of gloves (worn)
 N - the +2 cloak of Wilut Ucoi (worn) {MR++}
   (You found it on level 7 of the Dungeon)

   It affects your resistance to hostile enchantments.
Magical devices
 p - a wand of random effects (6)
 s - a wand of polymorph (9) {unknown}
Comestibles
 b - 8 bread rations
 A - an apple
 V - 4 meat rations
 W - 2 beef jerkies
 X - 7 cheeses
Scrolls
 f - 9 scrolls of remove curse
 g - a scroll of immolation {unknown}
 h - 3 scrolls of fog
 j - 3 scrolls of blinking
 l - 3 scrolls of enchant weapon II
 n - 4 scrolls of teleportation {unknown}
 o - 2 scrolls of magic mapping
 q - 2 scrolls of random uselessness {unknown}
 r - 2 scrolls of enchant weapon I {unknown}
 t - 2 scrolls of noise {unknown}
 y - a scroll of recharging {unknown}
 K - a scroll of fear {unknown}
 P - 2 scrolls of enchant armour {unknown}
Jewellery
 x - an uncursed ring of positive energy
 B - a +3 ring of protection (right hand)
 D - a ring of protection from magic (left hand)
 E - an uncursed ring of invisibility
Potions
 d - 3 potions of restore abilities
 e - a potion of brilliance {unknown}
 k - 2 potions of poison {unknown}
 m - 2 potions of might {unknown}
 v - 3 potions of agility
 w - 2 potions of speed
 C - a potion of flight {unknown}
 I - a potion of cure mutation {unknown}
 J - 3 potions of resistance
 L - a potion of paralysis {unknown}
 Q - 2 potions of magic
Books
 c - a book of Conjurations

   Spells                             Type                      Level
   *Magic Dart                        Conjuration                  1
   *Searing Ray                       Conjuration                  2
   Dazzling Spray                     Conjuration/Hexes            3
   Fulminant Prism                    Conjuration/Hexes            4
   Iskenderun's Mystic Blast          Conjuration                  4
   *Iskenderun's Battlesphere         Conjuration/Charms           5
 F - a book of Annihilations {highlevel}

   This book is beyond your current level of understanding.

   Spells                             Type                      Level
   Poison Arrow                       Conjuration/Poison           6
   Chain Lightning                    Conjuration/Air              8
   Lehudib's Crystal Spear            Conjuration/Earth            8
   Glaciate                           Conjuration/Ice              9
   Fire Storm                         Conjuration/Fire             9
 T - a book of the Sky

   Spells                             Type                      Level
   *Flight                            Charms/Air                   3
   Airstrike                          Air                          4
   Silence                            Hexes/Air                    5
   Deflect Missiles                   Charms/Air                   6
   Conjure Ball Lightning             Conjuration/Air              6
   Tornado                            Air                          9
Magical staves
 i - an uncursed staff of conjuration
 M - an uncursed staff of wizardry (weapon)
Rods
 R - a +0 rod of inaccuracy (12/12)
   (You found it on level 7 of the Dungeon)


   Skills:
 + Level 2.5 Dodging
 + Level 2.7 Stealth
 * Level 7.0 Spellcasting
 + Level 9.7 Conjurations
 * Level 6.5 Charms
 * Level 2.3 Air Magic
 + Level 2.3 Evocations


You had 11 spell levels left.
You knew the following spells:

 Your Spells              Type           Power        Failure   Level  Hunger
a - Magic Dart            Conj           ####         1%          1    None
b - Searing Ray           Conj           #####.       1%          2    None
c - Iskenderun's Battles  Conj/Chrm      #####...     4%          5    #####..
d - Flame Tongue          Conj/Fire      ####.        1%          1    None
e - Flight                Chrm/Air       ###.......   2%          3    ##.....


Dungeon Overview and Level Annotations

Branches:
Dungeon (9/16)             Temple (1/1) D:4
    Orc: D:9-12        Lair: D:8-11

Altars:
Ashenzari
Cheibriados
Dithmenos
Elyvilon
Fedhas
Kikubaaqudgha
Makhleb
Nemelex Xobeh
Okawaru
Trog
Vehumet
Xom
Yredelemnul
Zin
The Shining One

Shops:
D:4 ((%%:   D:8 *

Annotations:
D:7 Eustachio


Innate Abilities, Weirdness & Mutations

You are mostly covered in yellow scales (AC +3).
You sometimes gain a little power by taking damage.
When hurt, damage is shared between your health and your magic reserves.


Message History

The bolt of electricity hits the orc warrior.
The bolt of electricity hits you!
* * * LOW HITPOINT WARNING * * *
The bolt of electricity hits you!
* * * LOW HITPOINT WARNING * * *
The orc warrior splashes around in the water.
The orc priest unwields an uncursed hand axe.
The orc priest drops an uncursed hand axe.
You hear a splash.
The orc priest picks up a falchion.
The orc priest wields a falchion.
Casting: Magic Dart
Confirm with . or Enter, or press ? or * to list all spells.
You don't know that spell.
Drink which item? (? for menu, Esc to quit)
You feel yourself speed up.
You are very lightly contaminated with residual magic.
There is a large open door here.
The electric eel shoots out a bolt of electricity!
The bolt of electricity hits you!
You die...

#....≈;);## ##{≈≈≈≈≈≈≈≈
.P..≈≈≈f#.####.#≈≈≈≈≈≈≈≈
..≈######o...######≈≈≈ .
#....# ≈ #....# #....#
##'o## #..# #####@###
##≈≈.....###
###.;......;≈##
#$.≈≈.......≈≈##
#..P≈≈#.....[#.≈.##
#....≈≈###....###≈#.##
#..##P≈≈≈≈#......#≈≈≈..##
#.
P.≈≈≈≈≈........≈≈.##.##
...P≈≈≈≈#......#≈≈≈.##.##


You could see a shark, an orc warrior, an electric eel and an orc priest.

Vanquished Creatures
  Joseph (D:7)
  A two-headed ogre (D:9)
  A yak (D:9)
  2 hippogriffs (D:7)
  Edmund (D:7)
  Menkaure (D:5)
  A water moccasin (D:5)
  2 orc warriors
  2 phantoms
  A necrophage (D:7)
  2 ice beasts
  A human (D:8)
  3 sky beasts
  A centaur (D:5)
  3 ogres
  A crocodile (D:7)
  2 giant frogs (D:6)
  A scorpion (D:4)
  An electric eel (D:9)
  A hippogriff skeleton (D:5)
  An eye of draining (D:8)
  3 crimson imps
  A quasit (D:7)
  A hound (D:9)
  2 jellies
  A centaur zombie (D:8)
  2 orc wizards
  2 iguanas
  An iron imp (D:4)
  An orc priest (D:6)
  Natasha (thrice) (D:4)
  2 worker ants
  4 sheep (D:8)
  Ijyb (D:5)
  4 gnolls (D:4)
  An orc zombie (D:8)
  A green rat (D:7)
  6 adders
  A giant mite (D:6)
  2 worms
  An adder zombie (D:6)
  2 giant eyeballs
  5 giant geckos
  An ooze (D:1)
  17 orcs
  19 bats
  3 giant cockroaches
  A gnoll zombie (D:5)
  13 hobgoblins
  6 jackals
  11 kobolds
  A giant gecko skeleton (D:4)
  9 giant newts
  2 giant spores
  12 goblins
  3 quokkas
  A quokka zombie (D:6)
  13 rats
  A rat zombie (D:3)
  A ballistomycete (D:7)
191 creatures vanquished.

Vanquished Creatures (others)
  2 orcs (D:9)
  A giant spore (D:9)
3 creatures vanquished.

Grand Total: 194 creatures vanquished

Notes
Turn   | Place    | Note
--------------------------------------------------------------
     0 | D:1      | Quh, the Demonspawn Conjurer, began the quest for the Orb.
     0 | D:1      | Reached XP level 1. HP: 13/13 MP: 3/3
   509 | D:1      | Gained mutation: When hurt, damage is shared between your health and your magic reserves. [demonic ancestry]
   509 | D:1      | Reached XP level 2. HP: 19/19 MP: 0/4
   739 | D:1      | Learned a level 2 spell: Searing Ray
  1212 | D:2      | Gained mutation: You are partially covered in yellow scales (AC +2). [demonic ancestry]
  1212 | D:2      | Reached XP level 3. HP: 10/24 MP: 0/6
  1436 | D:2      | Found a bloodstained altar of Trog.
  2331 | D:3      | Reached skill level 5 in Conjurations
  2559 | D:3      | Reached XP level 4. HP: 30/30 MP: 0/8
  3083 | D:4      | Found Qets' Antique Weapon Emporium.
  3091 | D:4      | Noticed Natasha
  3095 | D:4      | Killed Natasha
  3202 | D:4      | Found Noguykk's Antique Weapon Emporium.
  3243 | D:4      | Found Psoch's Food Shop.
  3290 | D:4      | Reached XP level 5. HP: 21/35 MP: 0/11
  3525 | D:4      | Found a staircase to the Ecumenical Temple.
  3545 | Temple   | Entered the Ecumenical Temple
  3562 | Temple   | Became a worshipper of Vehumet
  3956 | D:4      | Reached skill level 6 in Conjurations
  3966 | D:4      | Found Ruowany's Food Shoppe.
  4023 | D:4      | Found Ukoizuus' Book Shop.
  4048 | D:4      | Noticed Natasha
  4102 | D:4      | Killed Natasha
  4198 | D:4      | Noticed Natasha
  4204 | D:4      | Killed Natasha
  4227 | D:4      | Noticed an ogre
  4234 | D:4      | Killed an ogre
  4234 | D:4      | Gained mutation: You are mostly covered in yellow scales (AC +3). [demonic ancestry]
  4234 | D:4      | Reached XP level 6. HP: 41/41 MP: 4/15
  4338 | D:5      | Entered Level 5 of the Dungeon
  4341 | D:5      | Noticed Ijyb
  4349 | D:5      | Killed Ijyb
  4357 | D:5      | Noticed Menkaure
  4953 | D:5      | Learned a level 5 spell: Iskenderun's Battlesphere
  5016 | D:5      | Killed Menkaure
  5016 | D:5      | Reached skill level 1 in Charms
  5016 | D:5      | Reached XP level 7. HP: 46/46 MP: 4/18
  5233 | D:5      | Reached skill level 7 in Conjurations
  5391 | D:5      | Reached skill level 5 in Spellcasting
  6191 | D:6      | Paralysed by a giant eyeball for 2 turns
  6198 | D:6      | Paralysed by a giant eyeball for 3 turns
  6344 | D:6      | Gained mutation: You sometimes gain a little power by taking damage. [demonic ancestry]
  6344 | D:6      | Reached XP level 8. HP: 52/52 MP: 10/20
  6386 | D:6      | Acquired Vehumet's first power
  6386 | D:6      | Offered knowledge of Flame Tongue by Vehumet.
  6779 | D:6      | Learned a level 1 spell: Flame Tongue
  6891 | D:6      | Found a glowing silver altar of Zin.
  7021 | D:6      | Reached skill level 8 in Conjurations
  7162 | D:7      | Noticed Joseph
  7176 | D:7      | Killed Joseph
  7385 | D:7      | Noticed Edmund
  7396 | D:7      | Killed Edmund
  7449 | D:7      | Reached skill level 5 in Charms
  7720 | D:7      | Reached skill level 9 in Conjurations
  7720 | D:7      | Reached XP level 9. HP: 51/57 MP: 14/22
  8009 | D:7      | Noticed Eustachio
  8371 | D:7      | Found a glowing golden altar of the Shining One.
  8392 | D:7      | Found a basalt altar of Yredelemnul.
  8429 | D:7      | Identified a +0 rod of inaccuracy (12/12) (You found it on level 7 of the Dungeon)
  8527 | D:7      | Got a faintly humming cloak
  8531 | D:7      | Identified the +2 cloak of Wilut Ucoi {MR++} (You found it on level 7 of the Dungeon)
  8697 | D:7      | Learned a level 3 spell: Flight
  8761 | D:8      | Found Wapreimp's Elemental Accessories.
  8935 | D:8      | Offered knowledge of Shock by Vehumet.
  8935 | D:8      | Reached skill level 1 in Evocations
  9314 | D:8      | Paralysed by a giant eyeball for 2 turns
  9390 | D:8      | Found a shadowy altar of Dithmenos.
  9440 | D:8      | Reached skill level 1 in Air Magic
 10747 | D:9      | HP: 2/57 [electric eel/bolt of electricity (5)]
 11003 | D:9      | Reached XP level 10. HP: 49/63 MP: 14/25
 11066 | D:9      | HP: 1/63 [electric eel/bolt of electricity (7)]
 11074 | D:9      | Killed from afar by an electric eel

Action                   |  1- 3 |  4- 6 |  7- 9 | 10-12 || total
-------------------------+-------+-------+-------+-------++-------
Melee: Whip              |    27 |       |       |       ||    27
       Dagger            |     8 |    29 |       |       ||    37
       Staff             |       |       |    32 |     2 ||    34
 Cast: Magic Dart        |    94 |   111 |   337 |     5 ||   547
       Searing Ray       |     3 |    23 |    68 |       ||    94
       Iskenderun's Batt |       |       |    24 |       ||    24
       Flame Tongue      |       |       |     3 |       ||     3
       Flight            |       |       |     2 |       ||     2
Evoke: Wand              |       |       |     7 |       ||     7
  Use: Scroll            |       |     4 |     9 |       ||    13
       Potion            |       |       |     3 |     1 ||     4
